 Dungeon Crawl Stone Soup version 0.28.0 (webtiles) character file.

Game seed: 13995056058006043416

3327 Host24 the Quickloader (level 10, -4/63 HPs)
             Began as a Kobold Hunter on Feb 20, 2022.
             Was a Follower of Okawaru.
             Shot with an arrow by a centaur warrior (23 damage)
             ... on level 8 of the Dungeon.
             The game lasted 00:23:32 (11158 turns).

Host24 the Quickloader (Kobold Hunter)             Turns: 11158, Time: 00:23:32

Health: -4/63      AC:  7    Str: 14    XL:     10   Next: 21%
Magic:  14/14      EV: 18    Int: 12    God:    Okawaru [*.....]
Gold:   334        SH:  0    Dex: 16    Spells: 9/9 levels left

rFire   + . .      SeeInvis .   H - +3 short sword
rCold   . . .      Faith    +   (no shield)
rNeg    . . .      Spirit   .   E - +3 robe of Koc Kul {rElec rF+}
rPois   .          Reflect  .   (no helmet)
rElec   +          Harm     .   (no cloak)
rCorr   +          Rampage  .   l - +0 pair of gloves
Will    .....                   c - +0 pair of boots
Stlth   +++.......              G - amulet of faith
HPRegen 0.20/turn               u - ring of resist corrosion
MPRegen 0.14/turn               (no ring)

@: lethally poisoned (-4 -> -9), about to teleport, slowed, very slow
A: small, no large weapons, nightstalker 3
a: Renounce Religion, Heroism


You were on level 8 of the Dungeon.
You worshipped Okawaru.
Okawaru was aware of your devotion.
You visited 2 branches of the dungeon, and saw 9 of its levels.

You collected 334 gold pieces.

Inventory:

Hand Weapons
 a - a +1 hand crossbow
 v - a +4 dagger
 B - a +0 arbalest
 H - a +3 short sword (weapon)
Missiles
 g - 240 arrows
 i - 258 stones (quivered)
 m - 5 atropa-tipped darts
 o - 26 poisoned darts
 p - 13 sling bullets
 y - 8 bolts
 z - a throwing net
Armour
 c - a +0 pair of boots (worn)
 l - a +0 pair of gloves (worn)
 q - a +1 scale mail of willpower
 C - +0 acid dragon scales
 E - the +3 robe of Koc Kul (worn) {rElec rF+}
   (You found it on level 7 of the Dungeon)

   rF:        It protects you from fire.
   rElec:     It insulates you from electricity.
Jewellery
 b - an amulet of guardian spirit
 u - a ring of resist corrosion (left hand)
 x - an amulet of regeneration
 G - an amulet of faith (around neck)
Wands
 w - a wand of acid (11)
 F - a wand of polymorph (8)
Scrolls
 d - 2 scrolls of enchant armour {unknown}
 e - a scroll of holy word
 f - a scroll of immolation
 h - 2 scrolls of noise {unknown}
 r - 2 scrolls of enchant weapon
 I - a scroll of identify
Potions
 j - 3 potions of lignification {unknown}
 k - a potion of haste {unknown}
 n - 3 potions of heal wounds {unknown}
 s - a potion of ambrosia
 t - a potion of berserk rage {unknown}
 D - a potion of degeneration {unknown}


   Skills:
 - Level 7.1 Fighting
 + Level 12.1 Crossbows
 - Level 7.1 Dodging
 - Level 1.3 Stealth
 - Level 6.1 Invocations


You had 9 spell levels left.
You didn't know any spells.
Your spell library contained the following spells:

 Spells                   Type           Power      Damage    Failure   Level
 Beastly Appendage        Tmut           0%         N/A       32%         1
 Slow                     Hex            0%         N/A       32%         1
 Wereblood                Tmut           0%         N/A       45%         2
 Confusing Touch          Hex            0%         N/A       69%         3
 Spider Form              Tmut/Pois      0%         N/A       69%         3
 Vampiric Draining        Necr           0%         2d6       69%         3
 Blade Hands              Tmut           0%         N/A       100%        5
 Irradiate                Conj/Tmut      0%         3d14      100%        5
 Dragon Form              Tmut           0%         N/A       100%        7


Dungeon Overview and Level Annotations

Branches:
Dungeon (8/15)             Temple (1/1) D:6            Lair (0/6) D:8

Altars:
Ashenzari
Dithmenos
Elyvilon
Fedhas
Gozag
Hepliaklqana
Kikubaaqudgha
Makhleb
Nemelex Xobeh
Okawaru
Qazlal
Ru
Trog
Uskayaw
Vehumet
Wu Jian
Xom
Yredelemnul
Zin
The Shining One

Shops:
D:2 !   D:6 :


Innate Abilities, Weirdness & Mutations

You are small and have problems with some larger weapons.
You are completely attuned to the shadows.


Message History

You barely miss the kobold brigand.
A bullfrog comes into view.
The kobold brigand closely misses you.
You hit the kobold brigand but do no damage.
A centaur warrior comes into view.
The kobold brigand hits you with a +0 short sword.
You hit the kobold brigand.
The kobold brigand is lightly wounded.
The centaur warrior wields a +0 shortbow.
The centaur warrior shoots an arrow.
The arrow closely misses you.
An orc warrior comes into view. It is wielding a +0 long sword.
The kobold brigand hits you with a +0 short sword.
The centaur warrior shoots an arrow.
The arrow barely misses you.
The bullfrog hits you but does no damage.
The bullfrog closely misses you.
A fire crab comes into view.
The bullfrog hits you but does no damage.
The bullfrog misses you. The fire crab breathes flames at you.
The blast of flame engulfs you. You resist.
You are engulfed in blazing flames.
You resist.
The bullfrog is engulfed in blazing flames.
The kobold brigand is engulfed in blazing flames.
The bullfrog is engulfed in blazing flames.
The kobold brigand is engulfed in blazing flames.
The bullfrog is engulfed in blazing flames.
The bullfrog dies!
The kobold brigand throws a curare-tipped dart.
The curare-tipped dart completely misses you.
The kobold brigand throws a curare-tipped dart.
The curare-tipped dart hits you.
You are poisoned.
You have difficulty breathing.
You feel yourself slow down. The fire crab breathes flames at you.
The blast of flame engulfs you. You resist.
As you read the scroll of teleportation, it crumbles to dust.
You feel strangely unstable.
You are engulfed in blazing flames.
You resist.
You feel very sick.
The centaur warrior shoots an arrow.
The arrow hits you!!
You die...

#.#....###+##.......##+
#..
#.##..##.....##o.c##..
##. # #..##..#.#...#.#..
# ## #.## ........#o#..#
# #.# .....K...#t ## #.#
..._._.t#c#.# #.#
....#○☼...# #.#
..._○○°.#.# #.#
....○@○...#
#.##....○○○○.### #
#..##..#○#.○##.## ##
##..##.....##...## ##.
##..###'###.....#######..
##.........#...........#
#######.####.#......###
#................
##............###


You could see a centaur warrior, a fire crab and a kobold brigand.

Vanquished Creatures
  An acid dragon (D:7)
  3 water moccasins (D:6)
  A black bear (D:5)
  An ice beast (D:6)
  A sky beast (D:6)
  An ogre (D:6)
  6 centaurs
  2 necrophages
  A kobold brigand (D:8)
  A bullfrog (D:7)
  2 scorpions (D:5)
  2 water moccasin zombies (D:5)
  A wyvern skeleton (D:7)
  A water moccasin skeleton (D:5)
  14 wights
  2 howler monkeys
  A centaur zombie (D:5)
  3 hounds
  2 centaur skeletons
  3 orc priests
  2 bullfrog skeletons
  2 orc wizards
  3 iguanas
  A killer bee zombie (D:7)
  A hound zombie (D:5)
  A howler monkey zombie (D:8)
  9 gnolls
  8 adders
  A shadow imp (D:6)
  A white imp (D:6)
  An adder skeleton (D:4)
  3 worms
  2 dart slugs
  23 orcs
  8 endoplasms
  5 giant cockroaches
  6 hobgoblins
  3 quokkas
  9 ball pythons
  4 bats
  8 frilled lizards
  7 goblins
  14 kobolds
  5 rats
176 creatures vanquished.

Vanquished Creatures (others)
  A bullfrog (D:8)
1 creature vanquished.

Grand Total: 177 creatures vanquished

Notes
Turn   | Place    | Note
-------+----------+-------------------------------------------
     0 | D:1      | Host24 the Kobold Hunter began the quest for the Orb.
     0 | D:1      | Reached XP level 1. HP: 12/12 MP: 1/1
    94 | D:1      | Reached skill level 5 in Crossbows
   113 | D:1      | Reached XP level 2. HP: 9/17 MP: 2/2
   392 | D:1      | Found a faded altar of an unknown god.
   988 | D:1      | Reached XP level 3. HP: 21/21 MP: 3/3
  1863 | D:2      | Found Ruotaz's Distillery.
  2225 | D:2      | Reached XP level 4. HP: 27/28 MP: 4/4
  2821 | D:2      | Reached skill level 6 in Crossbows
  3822 | D:3      | Reached XP level 5. HP: 32/32 MP: 5/5
  4742 | D:4      | Reached skill level 7 in Crossbows
  5187 | D:4      | Reached XP level 6. HP: 9/37 MP: 6/6
  5963 | D:5      | Entered Level 5 of the Dungeon
  5963 | D:5      | Noticed a black bear
  6110 | D:5      | Reached skill level 8 in Crossbows
  6496 | D:5      | HP: 1/37 [centaur zombie (4)]
  6577 | D:5      | Reached XP level 7. HP: 33/41 MP: 7/7
  6620 | D:5      | Reached skill level 9 in Crossbows
  6944 | D:5      | Reached skill level 10 in Crossbows
  7100 | D:5      | Reached XP level 8. HP: 8/48 MP: 8/8
  7156 | D:5      | Reached skill level 5 in Fighting
  8060 | D:6      | Reached skill level 5 in Dodging
  8085 | D:6      | HP: 2/53 [poisoned by a water moccasin]
  8089 | D:6      | Reached XP level 9. HP: 16/57 MP: 9/9
  8540 | D:6      | Reached skill level 1 in Invocations
  8607 | D:6      | Found Onozukhemi's Book Shop.
  8658 | D:6      | Found a staircase to the Ecumenical Temple.
  8725 | Temple   | Entered the Ecumenical Temple
  9126 | Temple   | Became a worshipper of Warmaster Okawaru
  9525 | D:7      | Reached skill level 5 in Invocations
  9896 | D:7      | Reached * piety under Okawaru
 10086 | D:7      | Identified the +3 robe of Koc Kul {rElec rF+}
 10135 | D:7      | Reached XP level 10. HP: 61/62 MP: 14/14
 10535 | D:8      | Reached skill level 11 in Crossbows
 10749 | D:8      | Found a staircase to the Lair.
 11045 | D:8      | Reached skill level 12 in Crossbows
 11123 | D:8      | Found a radiant altar of Vehumet.
 11123 | D:8      | Found a basalt altar of Yredelemnul.
 11125 | D:8      | Found an ancient bone altar of Kikubaaqudgha.
 11125 | D:8      | Found a bloodstained altar of Trog.
 11147 | D:8      | Noticed a centaur warrior
 11150 | D:8      | Noticed a fire crab
 11158 | D:8      | Shot with an arrow by a centaur warrior

Illustrated notes

Levels and vault maps discovered:
D:1:      onia_arrival_mini_maze, layout_loops_corners,
          dreamdust_ecumenical_altar_statues, minmay_tromino_v4_c
D:2:      kennysheep_big_flooded_room, layout_loops_cross, serial_shops,
          nicolae_square_shop, minmay_indecisive_spiral
D:3:      layout_loops_ring, nrook_loot_triangle, kennysheep_generic_room_12
D:4:      layout_loops_ring
D:5:      layout_basic
D:6:      layout_loops_ring, temple_statues, serial_shops, kennysheep_mini,
          hex_tiny, minmay_increasing_density
D:7:      layout_gridville
D:8:      minmay_the_grid_octo_2x2 [minmay_the_grid_octo_shrine,
          minmay_the_grid_octo_tetromino_candy, minmay_the_grid_octo_empty,
          minmay_the_grid_octo_prize_star], layout_basic, minmay_shop_damaged
Temple:   mainiacjoe_temple_cubbyholes

Skill      XL: |  1  2  3  4  5  6  7  8  9 10 |
---------------+-------------------------------+-----
Crossbows      | 5 6 7 8 10 12 | 12.1
Fighting       | 3 4 7 |  7.1
Dodging        | 3 5 7 |  7.1
Invocations    | 6 |  6.1
Stealth        | |  1.3

Action                   |  1- 3 |  4- 6 |  7- 9 | 10-12 || total
-------------------------+-------+-------+-------+-------++-------
Melee: Short sword       |   108 |   120 |       |    11 ||   239
       Punch             |     1 |     1 |     3 |       ||     5
       Dagger            |       |    77 |   291 |    49 ||   417
       Hand crossbow     |       |     3 |       |       ||     3
 Fire: Hand crossbow     |     6 |    54 |   128 |    39 ||   227
  Use: Potion            |       |     1 |     1 |       ||     2
       Scroll            |       |       |     5 |     1 ||     6
 Stab: Sleeping          |    16 |    11 |     3 |     2 ||    32
Armor: Leather armour    |    35 |    46 |    53 |       ||   134
       Acid dragon scale |       |       |    17 |       ||    17
       Robe              |       |       |       |    26 ||    26
Dodge: Dodged            |    68 |   178 |   312 |    70 ||   628
